 Dungeon Crawl Stone Soup version 0.28.0-45-g0d030f2227 (webtiles) character file.

Game seed: 15854505974740137271

160 Kaptain the Digger (level 5, -1/30 HPs)
             Began as a Gargoyle Earth Elementalist on Apr 14, 2022.
             Slain by a black bear (4 damage)
             ... on level 3 of the Dungeon.
             The game lasted 00:07:54 (3763 turns).

Kaptain the Digger (Gargoyle Earth Elementalist)    Turns: 3763, Time: 00:07:54

Health: -1/30      AC:  7    Str: 11    XL:     5   Next: 41%
Magic:  0/9        EV: 12    Int: 18    God:
Gold:   38         SH:  0    Dex: 10    Spells: 5/9 levels left

rFire   . . .      SeeInvis .   e - +3 spear
rCold   . . .      Faith    .   (no shield)
rNeg    + . .      Spirit   .   b - +0 robe
rPois   ∞          Reflect  .   (no helmet)
rElec   +          Harm     .   (no cloak)
rCorr   .          Rampage  .   p - +0 pair of gloves
Will    .....                   (no boots)
Stlth   ++........              (no amulet)
HPRegen 0.10/turn               (no ring)
MPRegen 0.11/turn               (no ring)

@: no status effects
A: sickness immunity, AC +4, negative energy resistance 1, electricity
resistance, torment resistance 1, petrification resistance
a: no special abilities


You were on level 3 of the Dungeon.
You visited 1 branch of the dungeon, and saw 3 of its levels.

You collected 77 gold pieces.
You spent 39 gold pieces at shops.

Inventory:

Hand Weapons
 c - a +1 vorpal flail
 e - a +3 spear (weapon)
 g - a +0 short sword
 m - a +0 hunting sling
Missiles
 d - a javelin (quivered)
 q - 35 sling bullets
Armour
 b - a +0 robe (worn)
 p - a +0 pair of gloves (worn)
Magical Staves
 l - a staff of fire
Scrolls
 a - a scroll of immolation
 i - a scroll of silence {unknown}
 j - a scroll of teleportation {unknown}
Potions
 f - a potion of invisibility {unknown}
 h - a potion of brilliance
 k - 2 potions of flight


   Skills:
 * Level 2.1 Fighting
 + Level 1.4 Armour
 + Level 1.9 Dodging
 - Level 2.1 Stealth
 * Level 2.8 Spellcasting
 * Level 2.3 Conjurations
 - Level 0.7 Transmutations
 * Level 4.5 Earth Magic


You had 5 spell levels left.
You knew the following spells:

 Your Spells              Type           Power      Damage    Failure   Level
a - Sandblast             Erth           36%        2d10      2%          1
b - Stone Arrow           Conj/Erth      28%        3d8       12%         3

Your spell library contained the following spells:

 Spells                   Type           Power      Damage    Failure   Level
 Passwall                 Tmut/Erth      10%        N/A       9%          2
 Foxfire                  Conj/Fire      24%        2x1d5     11%         1
 Conjure Flame            Conj/Fire      6%         6-21      30%         3
 Inner Flame              Hex/Fire       2%         N/A       45%         3
 Petrify                  Tmut/Erth      12%        N/A       50%         4
 Flame Wave               Conj/Fire      6%         2d5       71%         4


Dungeon Overview and Level Annotations

Branches:
Dungeon (3/15)

Altars:

Shops:
D:1 !   D:2 **!=(

Annotations:
D:3 Descartes's ghost, amateur OpWn


Innate Abilities, Weirdness & Mutations

You are immune to sickness and miasma.
Your stone body is resilient. (AC +4)
You are immune to poison.
You resist negative energy. (rN+)
You are resistant to electric shocks. (rElec)
You are resistant to unholy torment.
You are immune to petrification.


Message History

The black bear is severely wounded.
The black bear bites you but does no damage.
The black bear completely misses you. The black bear claws you.
Unknown command.
You hit the black bear but do no damage.
The black bear is severely wounded.
The black bear bites you.
* * * LOW HITPOINT WARNING * * *
The black bear claws you but does no damage.
The black bear claws you.
* * * LOW HITPOINT WARNING * * *
The black bear barely misses you.
The black bear claws you but does no damage.
The black bear misses you.
The black bear bites you but does no damage.
The black bear misses you.
The black bear claws you but does no damage.
Items here: ))) [ †.
The black bear bites you but does no damage.
The black bear claws you but does no damage.
The black bear claws you.
* * * LOW HITPOINT WARNING * * *
Items here: )) [ †.
The black bear rages.
The black bear barely misses you.
The black bear claws you but does no damage. x2
You see here a +0 club.
The black bear bites you but does no damage.
The black bear claws you.
* * * LOW HITPOINT WARNING * * *
The black bear claws you but does no damage.
Casting: Sandblast (safe; 2% risk of failure)
Confirm with . or Enter, or press ? or * to list all spells.
Aiming: Stone Arrow (quite dangerous; 12% risk of failure)
Press: ? - help, Shift-Dir - straight line, f/p - black bear
Aim: a black bear (severely wounded, berserk, 77% to hit)
The stone arrow hits the black bear.
The black bear is almost dead.
The black bear bites you.
You die...

#.........# ♣♣ .♣ ♣.
#.........# .. ..♣.
#####..#####♣ .♣.♣. ♣.♣.
#........♣♣.♣.P8.⌠ ♣.w
#........#P. ♣.P.. .P♣.♣ ...
#........#P♣ ♣..8.P♣ ♣.
...#####........#.♣ ♣P.... ♣#
................)♣♣♣♣♣♣..♣♣♣♣♣.
#..........#..@h♣.♣...♣P..♣.P.♣
#.......####..##♣§§.....♣P....♣
#.......#####.##§§♣♣.♣..P.P♣.♣.
#.............)§§P♣♣..♣♣..♣P...
#######........##§♣♣♣...♣.♣♣♣.♣
#...............#.♣P..♣.P.♣...#
#.............#..♣§....♣.♣....#
#.......#######..♣♣♣#.♣♣.♣♣♣...
#.......# #....#'#.......♣♣


You could see a black bear (berserk).

Vanquished Creatures
  An orc priest (D:3)
  2 gnolls (D:3)
  3 adders (D:2)
  3 worms
  2 dart slugs
  7 orcs (D:3)
  5 endoplasms
  4 giant cockroaches
  7 goblins
  3 hobgoblins
  2 jackals (D:2)
  3 kobolds
  4 quokkas
  6 ball pythons
  5 bats
  A frilled lizard (D:2)
  6 rats
64 creatures vanquished.

Vanquished Creatures (others)
  21 plants
21 creatures vanquished.

Grand Total: 85 creatures vanquished

Notes
Turn   | Place    | Note
-------+----------+-------------------------------------------
     0 | D:1      | Kaptain the Gargoyle Earth Elementalist began the quest for
                  | the Orb.
     0 | D:1      | Reached XP level 1. HP: 10/10 MP: 3/3
   205 | D:1      | Reached XP level 2. HP: 16/16 MP: 0/5
   466 | D:1      | Reached skill level 1 in Conjurations
   713 | D:1      | Reached skill level 1 in Fighting
   800 | D:1      | Reached XP level 3. HP: 20/20 MP: 2/6
   804 | D:1      | Learned a level 3 spell: Stone Arrow
   838 | D:1      | Found Sapiaz's Distillery.
   850 | D:1      | Reached skill level 4 in Earth Magic
  1291 | D:2      | Found Moruups's Jewellery Shop.
  1587 | D:2      | Found Xytoho's Antique Weapon Emporium.
  1749 | D:2      | Found Ajopeloure's Distillery.
  1789 | D:2      | Reached XP level 4. HP: 8/25 MP: 7/7
  2096 | D:2      | Found a faded altar of an unknown god.
  2201 | D:2      | Found Sisehy's General Store.
  2235 | D:2      | Reached skill level 1 in Armour
  2454 | D:2      | Found Soam's General Store.
  2559 | D:1      | Bought a potion of curing for 39 gold pieces
  3464 | D:3      | Reached XP level 5. HP: 17/30 MP: 4/9
  3720 | D:3      | Noticed a black bear
  3721 | D:3      | Noticed Descartes's ghost (amateur OpWn)
  3763 | D:3      | Slain by a black bear

Illustrated notes

Levels and vault maps discovered:
D:1:      psy_arrival_statuary, layout_basic, serial_shops,
          nicolae_lakefront_shop, minmay_fountain_box,
          chequers_serial_rivers_small_b, minmay_hexomino_f4
D:2:      layout_loops_ring, hellmonk_ecumenical_altar_lost_god, serial_shops,
          shop, shop, nicolae_shop_waterfront, nicolae_shop_behind_doors,
          nicolae_square_shop, serial_bayou_lagoon_b
D:3:      wad_woods_tower, layout_basic, grunt_temple_overflow_magic_moments,
          ebering_ghost_rock_garden, minmay_misc_feat_ornament

Skill      XL: |  1  2  3  4  5 |
---------------+----------------+-----
Conjurations   | 1 2 |  2.3
Fighting       | 1 2 |  2.1
Earth Magic    | 4 |  4.5
Armour         | 1 |  1.4
Dodging        | |  1.9
Stealth        | |  2.1
Spellcasting   | |  2.8
Transmutations | |  0.7

Action                   |  1- 3 |  4- 6 || total
-------------------------+-------+-------++-------
Melee: Unarmed           |     3 |       ||     3
       Dagger            |     1 |       ||     1
       Short sword       |    24 |       ||    24
       Flail             |    14 |    31 ||    45
       Spear             |       |    58 ||    58
       Punch             |       |     1 ||     1
Throw: Javelin           |     6 |       ||     6
       Stone             |     2 |       ||     2
 Cast: Sandblast         |    51 |    10 ||    61
       Stone Arrow       |       |     7 ||     7
  Use: Scroll            |       |     8 ||     8
       Potion            |       |     1 ||     1
 Stab: Sleeping          |       |     2 ||     2
Armor: Robe              |    26 |    45 ||    71
Dodge: Dodged            |    49 |    65 ||   114
